 Dungeon Crawl Stone Soup version 0.28-a0-1545-g945cd3f (webtiles) character file.

Game seed: 11759479515360461183

539 Illumine the Cleaver (level 7, -20/60 HPs)
             Began as a Hill Orc Gladiator on Jan 18, 2022.
             Was an Initiate of Gozag.
             Engulfed by a cloud of flame (28 damage)
             ... on level 5 of the Dungeon.
             The game lasted 00:04:07 (3904 turns).

Illumine the Cleaver (Hill Orc Gladiator)           Turns: 3904, Time: 00:04:07

Health: -20/60     AC:  5    Str: 19    XL:     7   Next: 26%
Magic:  7/7        EV: 12    Int:  8    God:    Gozag
Gold:   237        SH:  0    Dex: 12    Spells: 6/6 levels left

rFire   . . .      SeeInvis .   s - +2 hand axe (vorpal)
rCold   . . .      Faith    .   (no shield)
rNeg    . . .      Spirit   .   b - +0 leather armour
rPois   .          Reflect  .   c - +0 helmet
rElec   .          Harm     .   (no cloak)
rCorr   .          Rampage  .   (no gloves)
Will    +....                   k - +0 pair of boots
Stlth   +.........              (no amulet)
HPRegen 0.20/turn               q - ring of willpower
MPRegen 0.10/turn               (no ring)

@: no status effects
A: no striking features
a: Renounce Religion, Potion Petition, Call Merchant, Bribe Branch


You were on level 5 of the Dungeon.
You worshipped Gozag.
Gozag was aware of your devotion.
You visited 2 branches of the dungeon, and saw 6 of its levels.

You collected 299 gold pieces.
You paid 62 gold pieces to Gozag.

Inventory:

Hand Weapons
 s - a +2 vorpal hand axe (weapon)
Missiles
 d - a throwing net (quivered)
Armour
 b - a +0 leather armour (worn)
 c - a +0 helmet (worn)
 k - a +0 pair of boots (worn)
Jewellery
 g - a ring of resist corrosion
 q - a ring of willpower (left hand)
Wands
 r - a wand of acid (19)
Scrolls
 e - 3 scrolls of noise {unknown}
 h - a scroll of identify {unknown}
 m - a scroll of vulnerability {unknown}
 n - 3 scrolls of teleportation {unknown}
 o - a scroll of enchant weapon {unknown}
Potions
 f - a potion of curing {unknown}
 i - a potion of cancellation {unknown}
 j - 2 potions of brilliance {unknown}
 l - a potion of ambrosia {unknown}
 p - 2 potions of heal wounds {unknown}


   Skills:
 + Level 4.9 Fighting
 * Level 8.0 Axes
 - Level 1.7 Throwing
 + Level 2.5 Armour
 - Level 3.1 Dodging
 + Level 1.0 Evocations


You had 6 spell levels left.
You didn't know any spells.
Your spell library was empty.

Dungeon Overview and Level Annotations

Branches:
Dungeon (5/15)             Temple (1/1) D:4

Altars:
Ashenzari
Cheibriados
Dithmenos
Gozag
Hepliaklqana
Kikubaaqudgha
Nemelex Xobeh
Okawaru
Qazlal
Ru
Sif Muna
Vehumet
Wu Jian
Xom
Yredelemnul
Zin

Annotations:
D:3 1 runed translucent door, Crazy Yiuf
D:4 Grinder


Message History

Your Evocations skill increases to level 1!
You start resting.
An orc comes into view. It is wielding a +2 vorpal hand axe.
An orc is nearby!
Items here: $ )) [.
The orc shouts!
Items here: $ ))).
You now have 189 gold pieces (gained 30).
Items here: $ )) [.
You now have 207 gold pieces (gained 18).
You barely miss the orc. Your punch misses the orc. The orc misses you.
You slash the orc!
You kill the orc!
Your Axes skill increases to level 8!
You now have 211 gold pieces (gained 4).
You see here a +2 vorpal hand axe.
s - a +2 vorpal hand axe
s - a +2 vorpal hand axe (weapon)
You drop a +0 war axe.
You're in a travel-excluded area, stopping explore.
You now have 223 gold pieces (gained 12).
Things that are here:
a +0 hand axe; a +0 leather armour; a +0 spear You now have 227 gold pieces (gained 4).
You now have 233 gold pieces (gained 6).
Things that are here:
a +0 falchion; 3 boomerangs You now have 237 gold pieces (gained 4).
Things that are here:
a +0 dagger; a +0 ring mail Really walk into that cloud of flame?
You are engulfed in blazing flames.
Things that are here:
8 gold pieces; a +0 club You are engulfed in blazing flames.
* * * LOW HITPOINT WARNING * * *
An orc comes into view. It is wielding a +4 dagger.
You are engulfed in blazing flames.
You die...
Your body crumbles into a pile of gold.

#.. #.# ##.#.##
#.. .......
###.# .....#
.... #...#
#o####...#
#.)......# $
##.)○○○○#.##.##.
#.))○○§☼@.......
#)####§####.....
#.# #§# #.. #.#
#§## #.#######
##.○§§#8#° °°.#.
#..####### #.$#.
#..# ##.## #...
#..# #.# #..#


You could see an orc (wandering).

Vanquished Creatures
  An ogre (D:3)
  2 necrophages
  A gnoll sergeant (D:5)
  A howler monkey (D:5)
  A hound (D:3)
  2 iguanas
  A hound skeleton (D:5)
  4 gnolls (D:5)
  2 adders (D:2)
  A white imp (D:5)
  An ufetubus (D:5)
  2 worms
  5 dart slugs
  5 orcs
  6 endoplasms
  3 giant cockroaches
  4 goblins
  6 hobgoblins
  A jackal (D:2)
  4 quokkas
  6 ball pythons
  3 bats
  4 frilled lizards
  7 kobolds
  7 rats
80 creatures vanquished.

Vanquished Creatures (others)
  A gnoll (D:5)
  An orc (D:5)
  A bat (D:3)
3 creatures vanquished.

Grand Total: 83 creatures vanquished

Notes
Turn   | Place    | Note
-------+----------+-------------------------------------------
     0 | D:1      | Illumine the Hill Orc Gladiator began the quest for the
                  | Orb.
     0 | D:1      | Reached XP level 1. HP: 18/18 MP: 1/1
   376 | D:1      | Reached XP level 2. HP: 23/25 MP: 2/2
   637 | D:1      | Found a faded altar of an unknown god.
  1141 | D:1      | Reached XP level 3. HP: 29/30 MP: 3/3
  1577 | D:2      | Reached skill level 5 in Axes
  2048 | D:3      | Found a shimmering altar of Xom.
  2065 | D:2      | Reached XP level 4. HP: 20/38 MP: 4/4
  2389 | D:3      | Noticed an ogre
  2399 | D:3      | Killed an ogre
  2400 | D:3      | Reached skill level 6 in Axes
  2400 | D:3      | Reached XP level 5. HP: 24/46 MP: 5/5
  2625 | D:3      | Found a broken altar of Ashenzari.
  3028 | D:3      | Found a runed translucent door.
  3029 | D:3      | Noticed Crazy Yiuf
  3090 | D:3      | Found an ornate altar of the Wu Jian Council.
  3180 | D:3      | Found a hazy altar of Hepliaklqana.
  3184 | D:3      | Found a shimmering blue altar of Sif Muna.
  3268 | D:4      | Noticed Grinder
  3268 | D:4      | Noticed a necrophage
  3340 | D:3      | Reached skill level 1 in Armour
  3340 | D:3      | Reached XP level 6. HP: 42/52 MP: 6/6
  3412 | D:4      | Found a staircase to the Ecumenical Temple.
  3424 | D:4      | Killed a necrophage
  3425 | D:4      | Reached skill level 7 in Axes
  3430 | Temple   | Entered the Ecumenical Temple
  3435 | Temple   | Became a worshipper of Gozag Ym Sagoz the Greedy
  3493 | D:4      | Paralysed by Grinder for 3 turns
  3613 | D:5      | Entered Level 5 of the Dungeon
  3762 | D:5      | Reached XP level 7. HP: 10/60 MP: 7/7
  3781 | D:5      | Reached skill level 1 in Evocations
  3888 | D:5      | Reached skill level 8 in Axes
  3904 | D:5      | Engulfed by a cloud of flame

Illustrated notes

Levels and vault maps discovered:
D:1:      eino_arrival_tree_alley, layout_basic, basic_ecumenical_altar
D:2:      layout_rooms
D:3:      layout_rooms, xom_confusion_cloud, nicolae_ashenzari_skybound,
          mainiacjoe_overflow_alcove_4, nicolae_overflow_hidden_temple,
          st_stairs_3, uniq_crazy_yiuf_cottage
D:4:      layout_cave_pools, makhleb_heckhound_becter,
          minmay_temple_entry_butterflies, uniq_natasha, uniq_grinder
D:5:      layout_loops_cross, lemuel_flamethrower_2
Temple:   minmay_freezing_vapour_temple

Skill      XL: |  1  2  3  4  5  6  7 |
---------------+----------------------+-----
Fighting       | 3 4 |  4.9
Axes           | 5 6 7 8 |  8.0
Dodging        | 3 |  3.1
Armour         | 1 2 |  2.5
Evocations     | 1 |  1.0
Throwing       | |  1.7

Action                   |  1- 3 |  4- 6 |  7- 9 || total
-------------------------+-------+-------+-------++-------
Melee: War axe           |   119 |    95 |    17 ||   231
       Punch             |     2 |       |       ||     2
Throw: Throwing net      |       |     1 |     1 ||     2
Evoke: Wand              |       |     2 |       ||     2
 Stab: Sleeping          |     1 |       |       ||     1
Armor: Leather armour    |    44 |    28 |       ||    72
Dodge: Dodged            |   105 |    53 |     2 ||   160

Table legend: (Time is in decaauts)
 A = Elapsed time spent in this place.
 B = Non-inter-level travel time spent in this place.
 C = Inter-level travel time spent in this place.
 D = Time resting spent in this place.
 E = Time spent auto-exploring this place.
 F = Levels seen in this place.
 G = Mean time per level.
                   A        B        C        D        E       F      G
               +--------+--------+--------+--------+--------+-----+--------+
         Total |   3957 |   3785 |    172 |    567 |   2551 |   6 |  659.5 |
       Dungeon |   3947 |   3775 |    172 |    567 |   2551 |   5 |  789.4 |
        Temple |     10 |     10 |      0 |      0 |      0 |   1 |   10.0 |
               +--------+--------+--------+--------+--------+-----+--------+

Top non-repeatable levels by time:
     D:1: 1283 daAuts
     D:3: 1123 daAuts
     D:2: 1115 daAuts
     D:5: 294 daAuts
     D:4: 130 daAuts
  Temple: 10 daAuts
